 Seeded DCSS version 0.30-a0-1161-g0704695555 (webtiles) character file.

Game seed: 18150965321914833807 (custom seed)

19341 voltaire321 the Nimble (level 12, -6/95 HPs)
             Began as a Merfolk Summoner on Apr 27, 2023.
             Was an Initiate of Gozag.
             Mangled by an ice devil (19 damage)
             ... on level 1 of the Lair of Beasts.
             The game lasted 00:55:16 (12904 turns).

voltaire321 the Nimble (Merfolk Summoner)          Turns: 12904, Time: 00:55:16

Health: -6/95      AC:  6    Str: 10    XL:     12   Next: 68%
Magic:  15/24      EV: 18    Int: 16    God:    Gozag
Gold:   2323       SH:  0    Dex: 16    Spells: 2/27 levels left

rFire   . . .        q - melded staff of poison "Tuaph" {rPois rF+}
rCold   . . .        (shield currently unavailable)
rNeg    . . .        z - +2 robe {Archmagi}
rPois   .            x - +1 helmet
rElec   .            C - scarf {+Inv}
rCorr   .            u - melded +0 pair of gloves
SInv    .            (no boots)
Will    .....        (no amulet)
Stlth   ++           c - ring of wizardry
HPRegen 0.35/turn    H - ring of wizardry
MPRegen 0.19/turn

%: wizardry (x2), archmagi
@: blade hands, gold aura
A: (nimble swimmer 2), mertail
a: End Transformation, Renounce Religion, Evoke Invisibility, Potion Petition,
Call Merchant, Bribe Branch


You were on level 1 of the Lair of Beasts.
You worshipped Gozag.
Gozag was most pleased with you.
You had blades for hands.
You visited 3 branches of the dungeon, and saw 13 of its levels.
You also visited: Bailey.

You collected 2408 gold pieces.
You paid 85 gold pieces to Gozag.

Inventory:

Hand Weapons
 a - a +2 heavy quarterstaff
 t - a +1 rapier of freezing
 D - a +2 vampiric short sword
Missiles
 p - 3 curare-tipped darts
 F - a throwing net
Armour
 r - a +1 leather armour of fire resistance
 u - a +0 pair of gloves (melded)
 x - a +1 helmet (worn)
 z - a +2 robe of the Archmagi (worn)
 C - a scarf of invisibility (worn)
Magical Staves
 q - the staff of poison "Tuaph" (melded) {rPois rF+}
   (You acquired it on level 10 of the Dungeon)

   [staff of poison]

   Base accuracy: +5 Base damage: 5 Base attack delay: 1.2 This weapon's minimum
   attack delay (0.6) is reached at skill level 12.
   rF:        It protects you from fire.
   rPois:     It protects you from poison.
   It falls into the 'Staves' category.
   It is a one-handed weapon.
Jewellery
 c - a ring of wizardry (left blade hand)
 j - a ring of see invisible
 A - a ring of protection from cold
 B - a +6 ring of dexterity
 H - a ring of wizardry (right blade hand)
Wands
 g - a wand of polymorph (21)
 o - a wand of roots (11)
 y - a wand of flame (48)
 I - a wand of light (2)
Scrolls
 f - 3 scrolls of enchant armour
 i - 6 scrolls of teleportation
 E - a scroll of enchant weapon
Potions
 b - a potion of magic
 d - 5 potions of mutation {unknown}
 e - 3 potions of invisibility
 h - 3 potions of attraction {unknown}
 k - 5 potions of heal wounds {unknown}
 l - a potion of ambrosia
 m - 5 potions of curing
 n - 6 potions of flight
 s - 3 potions of haste {unknown}
 v - a potion of might {unknown}
 w - 2 potions of resistance {unknown}
 G - a potion of berserk rage {unknown}
 J - a potion of brilliance {unknown}


   Skills:
 + Level 9.3 Fighting
 + Level 11.5 Dodging
 - Level 2.7 Stealth
 + Level 7.1 Unarmed Combat
 + Level 8.2 Spellcasting
 + Level 9.8 Summonings
 + Level 8.5 Transmutations
 + Level 4.1 Poison Magic
 + Level 1.3 Evocations


You had 2 spell levels left.
You knew the following spells:

 Your Spells              Type           Power      Damage    Failure   Level
a - Call Imp              Summ           100%       N/A       2%          2
b - Call Canine Familiar  Summ           54%        N/A       3%          3
c - Dragon Form           Tmut           25%        N/A       80%         7
d - Poisonous Vapours     Pois/Air       38%        N/A       11%         2
e - Blade Hands           Tmut           25%        N/A       13%         5
f - Summon Cactus Giant   Summ           27%        N/A       28%         6

Your spell library contained the following spells:

 Spells                   Type           Power      Damage    Failure   Level
 Summon Small Mammal      Summ           100%       N/A       2%          1
 Wereblood                Tmut           50%        N/A       3%          2
 Apportation              Tloc           18%        N/A       14%         1
 Kiss of Death            Conj/Necr      36%        2d8       14%         1
 Necrotise                Necr           36%        1d5       14%         1
 Sublimation of Blood     Necr           9%         N/A       19%         2
 Summon Guardian Golem    Hex/Summ       33%        N/A       9%          3
 Summon Lightning Spire   Summ/Air       33%        N/A       17%         4
 Mephitic Cloud           Conj/Pois/Air  16%        N/A       21%         3
 Confusing Touch          Hex            9%         N/A       28%         3
 Summon Forest            Summ/Tloc      16%        N/A       32%         5
 Summon Mana Viper        Hex/Summ       33%        N/A       32%         5
 Irradiate                Conj/Tmut      15%        3d16      36%         5
 Dispel Undead            Necr           9%         3d8       56%         4
 Passage of Golubria      Tloc           9%         N/A       56%         4
 Summon Hydra             Summ           27%        N/A       67%         7
 Freezing Cloud           Conj/Ice/Air   4%         6-21      83%         5
 Silence                  Hex/Air        4%         N/A       83%         5
 Lehudib's Crystal Spear  Conj/Erth      4%         10d3      100%        8


Dungeon Overview and Level Annotations

Branches:
Dungeon (11/15)            Temple (1/1) D:6            Lair (1/5) D:10
    Orc (0/2) D:9          Bailey (visited)

Altars:
Ashenzari
Cheibriados
Dithmenos
Elyvilon
Fedhas
Gozag
Hepliaklqana
Kikubaaqudgha
Makhleb
Nemelex Xobeh
Okawaru
Qazlal
Ru
Sif Muna
Trog
Uskayaw
Vehumet
Wu Jian
Xom
Yredelemnul
Zin
The Shining One

Shops:
D:7 *   D:11 (

Portals:
Ice
Cave: Lair:1

Annotations:
D:4 1 runed translucent door, Dittersdorf's ghost, novice GrFi
D:6 Maggie
D:7 1 runed translucent door


Innate Abilities, Weirdness & Mutations

You have blades for hands.
Your spellcasting is less reliable in this form.
You are incapable of wielding weapons or throwing items.
((You are very nimble when in or above water. (Stealth+, EV+, Speed+++)))
Your lower body shifts to a powerful aquatic tail in water.


Message History

* * * LOW HITPOINT WARNING * * *
You slash the ice devil!
The ice devil is heavily wounded.
Your wolf bites the ice devil but does no damage.
Your cerulean imp hits the ice devil but does no damage.
You barely miss the ice devil.
The ice devil is heavily wounded.
Your wolf barely misses the ice devil.
The ice devil closely misses your wolf.
Your cerulean imp hits the ice devil but does no damage.
Your wolf barely misses the ice devil.
You slash the ice devil!
The ice devil is heavily wounded.
Your wolf bites the ice devil but does no damage.
The ice devil closely misses your wolf.
Your cerulean imp completely misses the ice devil.
Your cactus giant barely misses the ice devil.
You slash the ice devil!
The ice devil is almost dead.
Your wolf bites the ice devil but does no damage.
The ice devil hits your wolf! The ice devil freezes your wolf!
Your wolf dies!
Your wolf's corpse disappears in a puff of smoke!
Your cerulean imp hits the ice devil but does no damage.
You hit the ice devil.
You slash the ice devil, but do no damage.
The ice devil is almost dead.
The ice devil barely misses you.
Your cerulean imp closely misses the ice devil.
You slash the ice devil!
You kill the ice devil!
Your cerulean imp closely misses the ice devil.
Your cactus giant barely misses the ice devil.
You barely miss the ice devil. The ice devil barely misses you.
You hit the ice devil but do no damage.
Your cerulean imp hits the ice devil but does no damage.
You feel better. The ice devil hits you!
* * * LOW HITPOINT WARNING * * *
The ice devil freezes you!!
You die...
Your body crumbles into a pile of gold.

#......:..........
###.5...............
##...###P####........
#..### ### #........
##.# ####......#.
#.### ...##....#...
#.5C##....##h...#...
#.#.4....∩##....#...
#.+@##....##X.5.....
##### .(.##....#...
###.....#.P #........
.............
.............
.............
S...........# #.
##.##.#........


You could see an ice devil (ally target), a friendly cactus giant (summoned) and
a friendly cerulean imp (summoned).

Vanquished Creatures
  A two-headed ogre (D:9)
  Pikel (D:8)
  A rime drake (Lair:1)
  A komodo dragon (Lair:1)
  An ice devil (Lair:1)
  2 trolls (D:11)
  A wraith (D:11)
  A shadow (D:10)
  Eustachio (D:6)
  5 yaks (D:10)
  A steam dragon (D:9)
  A water moccasin (D:9)
  6 orc warriors
  A sky beast (D:6)
  2 centaurs (D:9)
  A phantom (D:5)
  3 kobold brigands
  8 bullfrogs
  A scorpion (D:6)
  4 wights (D:8)
  A water moccasin skeleton (D:5)
  A howler monkey (D:10)
  A bullfrog zombie (D:5)
  2 hounds (D:5)
  2 jellies (D:6)
  A sleepcap (D:6)
  4 orc priests
  13 orc wizards
  A howler monkey zombie (D:5)
  2 gnolls (D:3)
  A shadow imp (D:7)
  3 white imps
  A worm (D:5)
  A dart slug (D:3)
  13 orcs
  4 ball pythons
  6 endoplasms
  A giant cockroach (D:2)
  5 goblins
  3 hobgoblins
  3 quokkas (D:2)
  3 bats
  2 frilled lizards (D:3)
  A jackal zombie (D:7)
  21 kobolds
  5 rats
144 creatures vanquished.

Vanquished Creatures (collateral kills)
  A two-headed ogre (D:10)
  A cane toad (Lair:1)
  A rime drake (Lair:1)
  A wyvern (D:9)
  A basilisk (Lair:1)
  7 yaks (D:10)
  A steam dragon (D:8)
  3 wargs
  2 water moccasins (Lair:1)
  7 orc warriors
  3 wolves (Lair:1)
  Blork the orc (D:5)
  A kobold brigand (D:9)
  A bullfrog (Lair:1)
  A wyvern zombie (D:5)
  4 wights (D:8)
  2 howler monkeys
  A centaur zombie (D:5)
  3 orc priests
  2 jellies
  2 gnoll boudas
  3 hounds (D:5)
  2 sleepcaps
  A scorpion zombie (D:5)
  An iguana (D:5)
  2 orc wizards
  A hound skeleton (D:5)
  4 adders
  13 gnolls
  8 orcs
  2 goblins
  2 hobgoblins
  4 jackals (D:1)
  A quokka (D:3)
  2 ball pythons (D:1)
  9 kobolds
101 creatures vanquished.

Vanquished Creatures (others)
  3 fungi (Lair:1)
  A plant (Lair:1)
  2 withered plants (D:5)
6 creatures vanquished.

Grand Total: 251 creatures vanquished

Notes
Turn   | Place    | Note
-------+----------+-------------------------------------------
     0 | D:1      | voltaire321 the Merfolk Summoner began the quest for the
                  | Orb.
     0 | D:1      | Reached XP level 1. HP: 13/13 MP: 3/3
   273 | D:1      | Reached XP level 2. HP: 17/19 MP: 3/5
   284 | D:1      | Learned a level 2 spell: Call Imp
   310 | D:1      | Reached skill level 3 in Dodging
   908 | D:2      | Reached XP level 3. HP: 23/24 MP: 6/6
  1017 | D:2      | You fall into a shaft and drop 1 floor!
  1544 | D:2      | Identified the +3 leather armour of Goilekko {Int+2}
  1841 | D:3      | Reached skill level 1 in Fighting
  1841 | D:3      | Reached XP level 4. HP: 24/32 MP: 4/7
  2016 | D:3      | Reached skill level 4 in Dodging
  2026 | D:3      | Reached XP level 5. HP: 31/38 MP: 9/9
  2583 | D:4      | Learned a level 3 spell: Call Canine Familiar
  2651 | D:4      | Identified the +0 leather armour of the Worm {Stlth+}
  2775 | D:4      | Found a runed translucent door.
  2781 | D:4      | Noticed Dittersdorf's ghost (novice GrFi)
  2978 | D:5      | Entered Level 5 of the Dungeon
  3015 | D:5      | Noticed Blork the orc
  3027 | D:5      | Killed Blork the orc
  3028 | D:5      | Reached XP level 6. HP: 26/46 MP: 3/10
  3032 | D:5      | Reached skill level 5 in Summonings
  3243 | D:5      | Reached skill level 5 in Dodging
  3287 | D:5      | Reached XP level 7. HP: 52/52 MP: 6/12
  3830 | D:5      | Reached skill level 6 in Dodging
  3959 | D:5      | Reached XP level 8. HP: 54/60 MP: 12/14
  4332 | D:6      | Found a staircase to the Ecumenical Temple.
  4429 | Temple   | Entered the Ecumenical Temple
  4731 | Temple   | Became a worshipper of Gozag Ym Sagoz the Greedy
  4843 | D:6      | Noticed Eustachio
  4853 | D:6      | Killed Eustachio
  5145 | D:6      | Reached skill level 5 in Fighting
  5203 | D:6      | Reached skill level 7 in Dodging
  5238 | D:6      | Reached skill level 5 in Spellcasting
  5385 | D:6      | Noticed Maggie
  5701 | D:7      | Found a runed translucent door.
  5706 | D:7      | Found a basalt altar of Yredelemnul.
  5999 | D:7      | Found Plog's Lightly-Used Armoury.
  6237 | D:7      | Identified a scroll of acquirement
  6237 | D:7      | Acquired a book of the Wilderness
  6621 | D:8      | Found a shadowy altar of Dithmenos.
  6648 | D:8      | HP: 3/63 [steam dragon (1)]
  6660 | D:8      | HP: 2/63 [steam dragon/ball of steam (14)]
  6715 | D:8      | Reached XP level 9. HP: 19/69 MP: 15/17
  6768 | D:8      | Found a flagged portal.
  6827 | Bailey   | Entered a bailey
  6903 | Bailey   | Learned a level 7 spell: Dragon Form
  6926 | Bailey   | Reached skill level 1 in Transmutations
  7036 | Bailey   | Learned a level 2 spell: Poisonous Vapours
  7054 | Bailey   | Identified the +0 leather armour of Defence {Str+3}
  7342 | Bailey   | Reached skill level 8 in Dodging
  7342 | Bailey   | Reached skill level 1 in Unarmed Combat
  7459 | Bailey   | Reached skill level 1 in Poison Magic
  8175 | D:8      | Noticed Pikel
  8199 | D:8      | Killed Pikel
  8372 | D:8      | Learned a level 5 spell: Blade Hands
  8650 | D:8      | Reached XP level 10. HP: 58/77 MP: 16/19
  9165 | D:8      | Found an ancient bone altar of Kikubaaqudgha.
  9165 | D:8      | Found a hide-covered altar of Uskayaw.
  9332 | D:9      | Reached skill level 9 in Dodging
  9391 | D:9      | Noticed a two-headed ogre
  9498 | D:9      | Killed a two-headed ogre
  9895 | D:9      | Reached skill level 5 in Transmutations
 10087 | D:9      | Found a staircase to the Orcish Mines.
 10153 | D:9      | Found a glowing silver altar of Zin.
 10324 | D:10     | Entered Level 10 of the Dungeon
 10334 | D:10     | Noticed a two-headed ogre
 10539 | D:10     | Found a staircase to the Lair.
 11273 | D:11     | Reached XP level 11. HP: 63/85 MP: 13/21
 11444 | D:11     | Found Laomn's Weapon Emporium.
 11500 | D:10     | Reached skill level 5 in Unarmed Combat
 11507 | D:10     | Reached skill level 10 in Dodging
 11653 | D:10     | Killed a two-headed ogre
 12388 | D:10     | Reached skill level 11 in Dodging
 12388 | D:10     | Reached XP level 12. HP: 95/95 MP: 22/24
 12396 | D:10     | Learned a level 6 spell: Summon Cactus Giant
 12413 | D:10     | Acquired the staff of poison "Tuaph" {rPois rF+}
 12421 | Lair:1   | Entered Level 1 of the Lair of Beasts
 12740 | Lair:1   | Reached skill level 1 in Evocations
 12794 | Lair:1   | Noticed a nameless horror
 12890 | Lair:1   | Found a frozen archway.
 12904 | Lair:1   | Mangled by an ice devil

Illustrated notes

Levels and vault maps discovered:
D:1:      lordsloth_arrival_two_stooges, layout_basic
D:2:      layout_loops_corners
D:3:      layout_basic, grunt_ministairs_6, minmay_hedge_maze
D:4:      layout_basic, ebering_ghost_sewer_d
D:5:      layout_rooms, serial_undead, serial_undead_a, serial_undead_e,
          serial_undead_d, serial_undead_a, serial_undead_d, serial_undead_e,
          kennysheep_generic_room_5, uniq_blork_the_orc
D:6:      layout_basic, minmay_temple_entry_statues_pillars,
          minmay_misc_feat_tower, uniq_eustachio, uniq_maggie
D:7:      layout_basic, dk_yredelemnul_ordeal, serial_corexii_hall,
          corexii_hall_statues_i, chequers_hall_statues_y,
          chequers_hall_statues_wall_a, corexii_hall_statues_i,
          minmay_misc_feat_cross, serial_bayou_pond_e, minmay_shop_damaged,
          wad_floor_pattern_2
D:8:      layout_loops_ring, amethyst_overflow_temple_binary,
          mainiacjoe_overflow_cross_hatched, enter_bailey_7, uniq_pikel
D:9:      layout_rooms, zin_statuary, david_orc_3
D:10:     layout_basic, erik_lair_orcish_takeover
D:11:     layout_stronghold, serial_shops, nicolae_shop_stone, uniq_erica,
          uniq_harold
Temple:   minmay_temple_bridge_d
Lair:1:   layout_regular_city, portal_ice_cave_demonic_guard

Skill      XL: |  1  2  3  4  5  6  7  8  9 10 11 12 |
---------------+-------------------------------------+-----
Dodging        | 3 4 5 6 7 8 9 11 | 11.5
Fighting       | 1 2 3 4 5 6 7 9 |  9.3
Spellcasting   | 3 4 5 6 8 |  8.2
Summonings     | 5 6 7 8 9 |  9.8
Transmutations | 3 5 8 |  8.5
Unarmed Combat | 3 4 6 7 |  7.1
Poison Magic   | 2 4 |  4.1
Evocations     | 1 |  1.3
Stealth        | |  2.7

Action                     |  1- 3 |  4- 6 |  7- 9 | 10-12 || total
---------------------------+-------+-------+-------+-------++-------
  Melee: Unarmed           |    40 |       |       |    27 ||    67
         Quarterstaff      |       |       |    83 |   141 ||   224
         Short sword       |       |       |    45 |       ||    45
         Punch             |       |       |       |     4 ||     4
         Staff             |       |       |       |    39 ||    39
   Fire: Sling             |    86 |   107 |    63 |       ||   256
   Cast: Summon Small Mamm |     5 |       |       |       ||     5
         Call Imp          |     6 |    13 |    23 |    25 ||    67
         Call Canine Famil |       |     4 |    29 |    26 ||    59
         Poisonous Vapours |       |       |    47 |    50 ||    97
         Blade Hands       |       |       |       |     4 ||     4
         Summon Cactus Gia |       |       |       |     2 ||     2
    Use: Scroll            |       |       |    12 |     5 ||    17
         Potion            |       |       |     2 |     2 ||     4
   Stab: Sleeping          |     1 |       |       |     5 ||     6
         Distracted        |       |       |     3 |     6 ||     9
 Armour: Robe              |    19 |    12 |    47 |    49 ||   127
         Leather armour    |     4 |     4 |       |       ||     8
  Dodge: Dodged            |    97 |    42 |   156 |   259 ||   554

Table legend: (Time is in decaauts)
 A = Elapsed time spent in this place.
 B = Non-inter-level travel time spent in this place.
 C = Inter-level travel time spent in this place.
 D = Time resting spent in this place.
 E = Time spent auto-exploring this place.
 F = Levels seen in this place.
 G = Mean time per level.
                   A        B        C        D        E       F      G
               +--------+--------+--------+--------+--------+-----+--------+
         Total |  13210 |  12474 |    736 |   2935 |   5438 |  14 |  943.6 |
       Dungeon |  11180 |  10593 |    587 |   2324 |   5172 |  11 | 1016.4 |
        Temple |    375 |    226 |    149 |      0 |    214 |   1 |  375.0 |
          Lair |    490 |    490 |      0 |      0 |      0 |   1 |  490.0 |
        Bailey |   1163 |   1163 |      0 |    611 |     52 |   1 | 1163.0 |
               +--------+--------+--------+--------+--------+-----+--------+

Top non-repeatable levels by time:
     D:8: 1614 daAuts
     D:5: 1286 daAuts
     D:9: 1224 daAuts
  Bailey: 1163 daAuts
    D:10: 1069 daAuts
     D:6: 1039 daAuts
     D:7: 1013 daAuts
     D:2: 951 daAuts
     D:3: 900 daAuts
    D:11: 893 daAuts
     D:1: 754 daAuts
  Lair:1: 490 daAuts
     D:4: 433 daAuts
  Temple: 375 daAuts
